 Dungeon Crawl Stone Soup version 0.20.1-1-g8b1a95d (webtiles) character file.

112 tmwrnj the Chopper (level 4, -1/40 HPs)
             Began as a Hill Orc Fighter on July 10, 2017.
             Killed from afar by an orc wizard (4 damage)
             ... with a magic dart
             ... on level 5 of the Dungeon.
             The game lasted 00:05:05 (2249 turns).

tmwrnj the Chopper (Hill Orc Fighter)               Turns: 2249, Time: 00:05:06

Health: -1/40      AC:  8    Str: 19    XL:     4   Next: 95%
Magic:  4/4        EV: 12    Int:  8    God:
Gold:   230        SH:  9    Dex: 15    Spells: 3/3 levels left

rFire    . . .     SeeInvis .   a - +0 war axe
rCold    . . .     Gourm    .   c - +0 shield
rNeg     . . .     Faith    .   b - +0 scale mail
rPois    .         Spirit   .   (no helmet)
rElec    .         Reflect  .   p - +0 cloak
rCorr    .         Harm     .   (no gloves)
MR       .....                  (no boots)
Stlth    +.........             (no amulet)
Regen    0.2/turn               (no ring)
MPRegen  0.1/turn               (no ring)

@: agile, slowed, very slow
A: no striking features
a: no special abilities


You were on level 5 of the Dungeon.
You were hungry.

You visited 1 branch of the dungeon, and saw 5 of its levels.

You collected 230 gold pieces.

Inventory:

Hand Weapons
 a - a +0 war axe (weapon)
 u - a +0 mace of crushing
Armour
 b - a +0 scale mail (worn)
 c - a +0 shield (worn)
 p - a +0 cloak (worn)
Jewellery
 e - a +3 ring of evasion {unknown}
 n - an uncursed ring of poison resistance {unknown}
 q - a +3 ring of intelligence {unknown}
 t - an uncursed ring of protection from fire {unknown}
Scrolls
 i - 9 scrolls of remove curse {unknown}
 k - 2 scrolls of enchant weapon {unknown}
 l - a scroll of teleportation {unknown}
 m - 2 scrolls of identify {unknown}
 o - a scroll of recharging {unknown}
 r - a scroll of magic mapping {unknown}
Potions
 d - a potion of might
 g - a potion of curing {unknown}
Comestibles
 f - 4 bread rations
 h - a meat ration
 s - a fruit
 v - a royal jelly
 w - a chunk of flesh


   Skills:
 + Level 4.3 Fighting
 + Level 4.7 Axes
 + Level 3.7 Armour
 + Level 0.5 Dodging
 + Level 0.3 Stealth
 + Level 3.8 Shields


You had 3 spell levels left.
You didn't know any spells.

Dungeon Overview and Level Annotations

Branches:
Dungeon (5/15)
 Temple: D:4-7

Altars:

Annotations:
D:3 1 runed door


Message History

* * * LOW HITPOINT WARNING * * *
The orc wizard hits you but does no damage.
It was a potion of agility.
You feel agile all of a sudden.
The orc wizard hits you but does no damage.
You block the orc's attack. The orc wizard barely misses you.
You closely miss the orc wizard.
The orc wizard is heavily wounded.
You slash the orc!
You kill the orc!
The orc wizard misses you.
The orc wizard gestures at you while chanting.
The magic dart hits you!
* * * LOW HITPOINT WARNING * * *
The orc wizard casts a spell.
The orc wizard blinks!
You see here a flail.
The orc wizard gestures at you while chanting.
The magic dart hits you!
You die...

### ..# #.#
#.#
#.###.###
#....<..#
#####.#.#
#.# ..
#.#######@#
.#
#...o...).#
#
###########


You could see an orc wizard.

Vanquished Creatures
  Natasha (twice) (D:3)
  An adder (D:2)
  An ooze (D:4)
  A dart slug (D:2)
  A leopard gecko (D:3)
  3 orcs
  3 bats
  3 giant cockroaches
  4 goblins
  5 hobgoblins
  3 jackals (D:1)
  2 frilled lizards (D:2)
  6 kobolds
  10 rats
  2 fungi (D:3)
47 creatures vanquished.

Notes
Turn   | Place    | Note
-------+----------+-------------------------------------------
     0 | D:1      | tmwrnj the Hill Orc Fighter began the quest for the Orb.
     0 | D:1      | Reached XP level 1. HP: 19/19 MP: 1/1
   164 | D:1      | Reached XP level 2. HP: 27/27 MP: 2/2
   863 | D:2      | Reached XP level 3. HP: 31/33 MP: 3/3
  1693 | D:3      | Noticed Natasha
  1702 | D:3      | Killed Natasha
  1702 | D:3      | Reached XP level 4. HP: 40/40 MP: 4/4
  1753 | D:3      | Noticed Natasha
  1762 | D:3      | Killed Natasha
  1846 | D:3      | Found a runed door.
  2238 | D:5      | Entered Level 5 of the Dungeon
  2249 | D:5      | Killed from afar by an orc wizard

Skill      XL: |  1  2  3 |
---------------+----------+-----
Axes           | 3 4 |  4.7
Fighting       | 4 |  4.3
Armour         | |  3.7
Dodging        | |  0.5
Stealth        | |  0.3
Shields        | |  3.8

Action                   |  1- 3 |  4- 6 || total
-------------------------+-------+-------++-------
Melee: War axe           |   121 |    55 ||   176
  Use: Potion            |       |     1 ||     1
  Eat: Chunk             |     2 |     2 ||     4
Armor: Scale mail        |    66 |    26 ||    92
Dodge: Dodged            |    36 |    16 ||    52
Block: Shield            |    60 |    30 ||    90
